 Dungeon Crawl Stone Soup version 0.26-a0-651-gb41185065b (webtiles) character file.

Game seed: 16098204406361631543

72 dudeneo the Shield-Bearer (level 4, -2/36 HPs)
             Began as a Barachi Fighter on Sept 29, 2020.
             Killed from afar by Natasha (7 damage)
             ... with a puff of flame
             ... on level 2 of the Dungeon.
             The game lasted 00:02:41 (1540 turns).

dudeneo the Shield-Bearer (Barachi Fighter)         Turns: 1540, Time: 00:02:42

Health: -2/36      AC:  8    Str: 17    XL:     4   Next: 26%
Magic:  4/4        EV:  7    Int:  8    God:
Gold:   94         SH: 14    Dex: 13    Spells: 3/3 levels left

rFire    . . .     SeeInvis .   a - +0 long sword
rCold    . . .     Faith    .   c - +0 kite shield
rNeg     . . .     Spirit   .   b - +0 scale mail
rPois    .         Reflect  +   (no helmet)
rElec    .         Harm     .   (no cloak)
rCorr    .         Rampage  .   (no gloves)
MR       .....                  m - +0 pair of boots
Stlth    ..........             l - amulet of reflection
HPRegen  0.12/turn              (no ring)
MPRegen  0.09/turn              (no ring)

@: can't hop, slow
A: +LOS, swims, slowness 1, strong legs 1
a: Hop


You were on level 2 of the Dungeon.
You visited 1 branch of the dungeon, and saw 2 of its levels.

You collected 94 gold pieces.

Inventory:

Hand Weapons
 a - a +0 long sword (weapon)
Armour
 b - a +0 scale mail (worn)
 c - a +0 kite shield (worn)
 m - a +0 pair of boots (worn)
Magical Staves
 n - an uncursed staff of death {unknown}
Jewellery
 l - an amulet of reflection (around neck)
Scrolls
 e - 3 scrolls of teleportation {unknown}
 f - a scroll of random uselessness {unknown}
 g - 6 scrolls of remove curse {unknown}
 i - 2 scrolls of immolation {unknown}
 k - 3 scrolls of identify {unknown}
Potions
 d - 2 potions of might
 h - a potion of haste {unknown}
 j - 2 potions of curing {unknown}


   Skills:
 - Level 3.6 Fighting
 + Level 4.1 Long Blades
 - Level 3.6 Armour
 + Level 4.5 Shields


You had 3 spell levels left.
You didn't know any spells.
Your spell library was empty.

Dungeon Overview and Level Annotations

Branches:
Dungeon (2/15)

Altars:
The Shining One

Annotations:
D:2 Natasha, Sigmund


Innate Abilities, Weirdness & Mutations

You can be seen from farther away. (+LOS)
You can swim through water.
You cover ground slowly.
You can hop short distances.


Message History

Boing!
Natasha, Servant of Life and Death comes into view.
She is carrying a wand of flame (13).
Natasha hisses angrily.
Natasha zaps a wand.
The puff of flame hits you!
* * * LOW HITPOINT WARNING * * *
Natasha stares at you and mumbles some strange words.
The magic dart hits you.
* * * LOW HITPOINT WARNING * * *
You block Sigmund's attack.
Natasha howls an incantation.
You feel troubled.
Sigmund points at you and mumbles some strange words.
The puff of flame misses you. Natasha casts a spell at you.
You resist with some effort.
Sigmund mumbles some strange words.
Sigmund flickers and vanishes!
Deactivating autopickup; reactivate with Ctrl-A.
Natasha zaps a wand.
The puff of flame hits you!
You die...

#.........# #.# .# #.#
#.........####.##.## #.#
#.............(....# #.#
#..................# #.#
#..................# #(#
#..................# #.####
#.........(........# #....#
#..................# #.##.#
#.....(.........@..###########.#
.......(.....h.........÷.......#
#..((.(÷.........(.#############
########...........# #
#####..÷######### # #.........#
# #.........# # #.........#
#.........#


You could see Natasha.

Vanquished Creatures
  Natasha (D:2)
  An adder (D:2)
  2 dart slugs
  7 bats
  2 giant cockroaches
  3 goblins
  9 hobgoblins
  A quokka (D:2)
  A ball python (D:1)
  2 frilled lizards
  4 kobolds
  2 rats (D:1)
35 creatures vanquished.

Notes
Turn   | Place    | Note
-------+----------+-------------------------------------------
     0 | D:1      | dudeneo the Barachi Fighter began the quest for the Orb.
     0 | D:1      | Reached XP level 1. HP: 18/18 MP: 1/1
   248 | D:1      | Reached XP level 2. HP: 24/24 MP: 2/2
   527 | D:1      | Found a glowing golden altar of the Shining One.
   880 | D:2      | Reached XP level 3. HP: 29/29 MP: 3/3
  1125 | D:2      | Noticed Natasha
  1133 | D:2      | Killed Natasha
  1133 | D:2      | Reached XP level 4. HP: 21/36 MP: 4/4
  1512 | D:2      | Noticed Sigmund
  1532 | D:2      | Noticed Natasha
  1540 | D:2      | Killed from afar by Natasha

Illustrated notes

Levels and vault maps discovered:
D:1:      nicolae_arrival_washed_ashore, layout_rooms,
          minmay_misc_feat_nine_boxes, chequers_serial_rivers_room_b,
          tso_metal_star
D:2:      layout_basic, minivault_19, uniq_natasha, uniq_sigmund

Skill      XL: |  1  2  3  4 |
---------------+-------------+-----
Long Blades    | 3 4 |  4.1
Shields        | 4 |  4.5
Fighting       | |  3.6
Armour         | |  3.6

Action                   |  1- 3 |  4- 6 || total
-------------------------+-------+-------++-------
Melee: Long sword        |    75 |    38 ||   113
 Abil: Hop               |       |     1 ||     1
Armor: Scale mail        |    33 |    21 ||    54
Dodge: Dodged            |    18 |    15 ||    33
Block: Kite shield       |    39 |    41 ||    80
       Reflection        |       |     4 ||     4
       Rpst.: Long sword |     6 |     4 ||    10

Table legend: (Time is in decaauts)
 A = Elapsed time spent in this place.
 B = Non-inter-level travel time spent in this place.
 C = Inter-level travel time spent in this place.
 D = Time resting spent in this place.
 E = Time spent auto-exploring this place.
 F = Levels seen in this place.
 G = Mean time per level.
                   A        B        C        D        E       F      G
               +--------+--------+--------+--------+--------+-----+--------+
         Total |   1768 |   1742 |     26 |      0 |   1406 |   2 |  884.0 |
       Dungeon |   1768 |   1742 |     26 |      0 |   1406 |   2 |  884.0 |
               +--------+--------+--------+--------+--------+-----+--------+

Top non-repeatable levels by time:
     D:1: 926 daAuts
     D:2: 842 daAuts
